 Dungeon Crawl Stone Soup version 0.25.1-9-gc5326a611f (webtiles) character file.

Game seed: 1570291335953944132

57106 dumdrum the Devastator (level 15, -2/100 HPs)
             Began as a Human Conjurer on Jan 3, 2021.
             Was a High Priest of Vehumet.
             Killed from afar by a merfolk aquamancer (3 damage)
             ... with a ball of steam
             ... on level 1 of the Shoals.
             The game lasted 01:41:07 (30798 turns).

dumdrum the Devastator (Human Conjurer)            Turns: 30798, Time: 01:41:08

Health: -2/100     AC: 11    Str:  9    XL:     15   Next: 24%
Magic:  34/42      EV:  8    Int: 22    God:    Vehumet [*****.]
Gold:   2647       SH:  0    Dex: 13    Spells: 16/42 levels left

rFire    . . .     SeeInvis .   y - staff of energy
rCold    . . .     Gourm    .   (no shield)
rNeg     + . .     Faith    .   h - +2 steam dragon scales
rPois    .         Spirit   .   (no helmet)
rElec    .         Reflect  .   u - +0 cloak
rCorr    .         Harm     .   (no gloves)
MR       +....                  p - +2 pair of boots
Stlth    +++.......             q - amulet of magic regeneration
HPRegen  0.26/turn              w - ring of positive energy
MPRegen  0.53/turn              E - ring of magical power

@: about to teleport, barbed spikes, mesmerised, held
A: no striking features
a: Renounce Religion


You were on level 1 of the Shoals.
You worshipped Vehumet.
Vehumet was extremely pleased with you.
You were not hungry.

You visited 5 branches of the dungeon, and saw 20 of its levels.

You collected 2647 gold pieces.

Inventory:

Armour
 h - +2 steam dragon scales (worn)
 p - a +2 pair of boots (worn)
 u - a +0 cloak (worn)
Magical Staves
 y - an uncursed staff of energy (weapon)
Jewellery
 j - an uncursed ring of protection from fire
 o - an uncursed ring of see invisible
 q - an amulet of magic regeneration (around neck)
 w - a ring of positive energy (left hand)
 E - a ring of magical power (right hand)
Wands
 i - a wand of paralysis (17)
 t - a wand of random effects (13)
 x - a wand of flame (24)
Scrolls
 f - 8 scrolls of teleportation
 k - 5 scrolls of magic mapping
 n - 5 scrolls of amnesia
 v - 5 scrolls of remove curse
 A - 5 scrolls of immolation
Potions
 d - a potion of cancellation
 e - 3 potions of curing
 r - a potion of flight
 z - 2 potions of invisibility {unknown}
 C - a potion of brilliance
 D - a potion of mutation {unknown}
Comestibles
 c - 19 rations


   Skills:
 + Level 4.2 Fighting
 + Level 6.8 Dodging
 + Level 6.1 Stealth
 - Level 0.4 Unarmed Combat
 + Level 14.2 Spellcasting
 + Level 15.3 Conjurations
 + Level 1.4 Hexes
 + Level 0.6 Transmutations
 + Level 7.4 Fire Magic
 + Level 4.2 Air Magic
 + Level 0.1 Poison Magic
 + Level 1.7 Evocations


You had 16 spell levels left.
You knew the following spells:

 Your Spells              Type           Power        Failure   Level  Hunger
a - Magic Dart            Conj           ####         0%          1    None
b - Searing Ray           Conj           ######       0%          2    None
c - Fulminant Prism       Conj/Hex       ######....   1%          4    None
d - Conjure Flame         Conj/Fire      ######..     1%          3    None
e - Inner Flame           Hex/Fire       #####...     1%          3    None
f - Fireball              Conj/Fire      ######....   1%          5    None
g - Ignite Poison         Fire/Tmut/Pois ####....     1%          3    None
h - Lightning Bolt        Conj/Air       ######....   1%          5    None

Your spell library contained the following spells:

 Spells                   Type           Power        Failure   Level  Hunger
 Ozocubu's Refrigeration  Ice            ###.......   80%         6    None
 Foxfire                  Conj/Fire      ####         1%          1    None
 Dazzling Flash           Conj/Hex       ######       1%          3    None
 Iskenderun's Mystic Bla  Conj/Tloc      #####...     1%          4    None
 Sticky Flame             Conj/Fire      ######..     1%          4    None
 Corona                   Hex            ###....      2%          1    None
 Slow                     Hex            ###.....     3%          2    None
 Confusing Touch          Hex            ###.....     7%          3    None
 Portal Projectile        Hex/Tloc       ###...       9%          3    None
 Gell's Gravitas          Tloc           ###.......   12%         3    None
 Yara's Violent Unravell  Hex/Tmut       ###.......   17%         5    None
 Cause Fear               Hex            ###.......   22%         4    None
 Leda's Liquefaction      Hex/Erth       ###.......   28%         4    None
 Petrify                  Tmut/Erth      ###.....     34%         4    None
 Metabolic Englaciation   Hex/Ice        ###.......   63%         5    None


Dungeon Overview and Level Annotations

Branches:
Dungeon (10/15)            Temple (1/1) D:7            Lair (6/6) D:10
 Shoals (1/4) Lair:2        Snake (0/4) Lair:4        Slime (0/5) Lair:6
    Orc (2/2) D:9             Elf (0/3) Orc:2

Altars:
Cheibriados
Elyvilon
Fedhas
Gozag
Hepliaklqana
Makhleb
Nemelex Xobeh
Okawaru
Qazlal
Ru
Uskayaw
Vehumet
Wu Jian
Xom
Yredelemnul

Shops:
D:9 *   Orc:2 =}[[

Annotations:
D:9 3 runed translucent doors, Destapler's ghost, novice MiFi


Message History

The merfolk is engulfed in a cloud of scalding steam.
The merfolk hits you but does no damage.
You hear a screech!
You hear a shout! x2
As you read the scroll of teleportation, it crumbles to dust.
You feel strangely unstable.
The merfolk throws a boomerang.
The boomerang hits you.
* * * LOW HITPOINT WARNING * * *
The weapon returns to the merfolk!
The merfolk avatar chants its luring song.
The merfolk throws a boomerang.
The boomerang hits you.
* * * LOW HITPOINT WARNING * * *
The weapon returns to the merfolk!
The manticore is engulfed in a cloud of scalding steam.
The manticore bites you.
* * * LOW HITPOINT WARNING * * *
The manticore closely misses you.
The manticore claws you but does no damage.
The merfolk aquamancer points at you and mumbles some strange words.
The ball of steam hits you. You resist.
You die...

≈≈≈≈≈≈≈.###....
≈≈≈≈≈≈E.E...(≈≈
≈≈≈≈≈≈≈...≈≈m≈≈
≈m≈m≈≈≈≈≈≈≈≈≈≈≈
≈≈≈≈m≈§§§≈≈≈≈≈≈
≈≈≈≈≈§≈≈§≈≈≈≈≈≈
≈≈≈≈≈≈§H≈≈≈≈≈≈≈
≈≈≈≈m≈§@§≈≈.≈≈≈
≈≈≈m≈≈§§§≈≈≈≈≈≈
≈≈≈≈≈§§m§§≈≈≈≈≈
.≈≈≈≈≈≈≈≈≈≈.≈≈≈
..≈≈≈≈≈≈≈≈...≈m
.≈≈≈≈≈≈≈≈.####.
?≈≈≈≈≈≈≈..#
≈≈≈≈≈≈≈≈≈..


You could see 2 merfolk avatars, 4 merfolk and a manticore.

Vanquished Creatures
  Donald (Orc:2)
  4 hydras
  A centaur warrior (D:10)
  4 ogre magi (Orc:2)
  12 two-headed ogres (Orc:2)
  A queen ant (Lair:3)
  An orc high priest (Orc:2)
  2 orc sorcerers
  6 black mambas
  A torpor snail (Lair:5)
  27 spiny frogs
  A water nymph (Lair:2)
  2 rime drakes
  7 komodo dragons
  3 tyrant leeches (Lair:6)
  A polar bear (Lair:4)
  A merfolk (Shoals:1)
  3 trolls
  25 blink frogs
  2 slime creatures (Lair:5)
  4 dream sheep
  3 hippogriffs
  17 yaks
  4 hogs
  A human (D:7)
  2 hungry ghosts
  8 vampire mosquitoes
  A steam dragon (D:7)
  A basilisk (Lair:6)
  6 wargs
  3 insubstantial wisps
  8 soldier ants (Lair:3)
  10 water moccasins
  Duvessa (D:4)
  8 porcupines
  4 black bears
  13 orc warriors
  2 ice beasts
  2 eyes of draining
  28 ogres
  2 necrophages
  3 phantoms
  8 wolves
  A sky beast (D:7)
  4 centaurs
  12 crocodiles
  Blork the orc (D:4)
  27 bullfrogs
  2 scorpions
  Dowan (D:4)
  5 wights (D:10)
  2 electric eels (Lair:6)
  6 howler monkeys
  8 crimson imps
  A bullfrog zombie (D:9)
  A quasit (D:10)
  4 hounds
  3 jellies
  8 orc priests
  Ijyb (D:3)
  2 centaur skeletons
  Jessica (D:3)
  An iguana (D:4)
  16 orc wizards
  27 worker ants
  A killer bee zombie (D:6)
  A hound skeleton (D:8)
  7 gnolls
  15 adders
  A shadow imp (D:6)
  2 oozes
  An adder zombie (D:10)
  An adder skeleton (D:8)
  A worm (D:5)
  A dart slug (D:1)
  6 leopard geckos
  48 orcs
  6 bats
  6 giant cockroaches
  6 goblins
  5 hobgoblins
  4 jackals
  3 kobolds
  6 quokkas
  2 ball pythons (D:2)
  A frilled lizard (D:1)
  A jackal zombie (D:8)
  A quokka skeleton (D:7)
  2 rats
  A fungus (Lair:3)
  3 plants
510 creatures vanquished.

Vanquished Creatures (others)
  A kobold (D:2)
  14 fulminant prisms
  11 fungi
  37 plants
63 creatures vanquished.

Grand Total: 573 creatures vanquished

Notes
Turn   | Place    | Note
-------+----------+-------------------------------------------
     0 | D:1      | dumdrum the Human Conjurer began the quest for the Orb.
     0 | D:1      | Reached XP level 1. HP: 13/13 MP: 3/3
   344 | D:1      | Reached XP level 2. HP: 19/19 MP: 0/5
   349 | D:1      | Learned a level 2 spell: Searing Ray
  1170 | D:2      | Reached XP level 3. HP: 24/24 MP: 3/6
  1304 | D:2      | Found a faded altar of an unknown god.
  1426 | D:2      | Reached XP level 4. HP: 30/30 MP: 2/7
  1440 | D:2      | Reached skill level 5 in Conjurations
  1983 | D:2      | Reached XP level 5. HP: 35/35 MP: 4/9
  2039 | D:2      | Learned a level 4 spell: Fulminant Prism
  2167 | D:3      | Noticed Ijyb
  2357 | D:3      | Killed Ijyb
  2517 | D:3      | Noticed Jessica
  2522 | D:3      | Killed Jessica
  2522 | D:3      | Reached XP level 6. HP: 34/41 MP: 7/11
  3304 | D:4      | Noticed Blork the orc
  3315 | D:4      | Killed Blork the orc
  3315 | D:4      | Reached skill level 6 in Conjurations
  3422 | D:4      | Noticed Dowan
  3743 | D:4      | Reached XP level 7. HP: 46/46 MP: 8/13
  4072 | D:4      | Noticed Duvessa
  4103 | D:4      | Killed Dowan
  4110 | D:4      | Killed Duvessa
  4110 | D:4      | Reached skill level 5 in Spellcasting
  4380 | D:5      | Entered Level 5 of the Dungeon
  4412 | D:5      | Found an iron altar of Okawaru.
  4416 | D:5      | Found a shimmering altar of Xom.
  4651 | D:5      | Reached XP level 8. HP: 53/53 MP: 4/15
  4888 | D:5      | Found a sparkling altar of Nemelex Xobeh.
  5028 | D:5      | Found a snail-covered altar of Cheibriados.
  5144 | D:5      | Reached skill level 7 in Conjurations
  5434 | D:6      | Reached skill level 1 in Fighting
  5735 | D:6      | Learned a level 3 spell: Conjure Flame
  5950 | D:6      | Reached XP level 9. HP: 31/59 MP: 14/18
  6499 | D:6      | Reached skill level 8 in Conjurations
  6617 | D:6      | Found a hazy altar of Hepliaklqana.
  7815 | D:7      | Found a staircase to the Ecumenical Temple.
  7818 | D:7      | Reached skill level 1 in Fire Magic
  7836 | Temple   | Entered the Ecumenical Temple
  7988 | Temple   | Became a worshipper of Vehumet
  8046 | D:7      | Reached skill level 5 in Stealth
  8468 | D:7      | Found a blossoming altar of Fedhas.
  8568 | D:7      | Reached skill level 9 in Conjurations
  8568 | D:7      | Reached XP level 10. HP: 55/67 MP: 11/21
  9274 | D:8      | Reached skill level 1 in Evocations
  9771 | D:8      | Found a basalt altar of Yredelemnul.
  9976 | D:8      | Learned a level 3 spell: Inner Flame
  9978 | D:9      | Found a white marble altar of Elyvilon.
 10303 | D:9      | Learned a level 5 spell: Fireball
 10335 | D:8      | Reached * piety under Vehumet
 10335 | D:8      | Offered knowledge of Shock by Vehumet.
 10781 | D:9      | Reached skill level 10 in Conjurations
 11096 | D:9      | Found a staircase to the Orcish Mines.
 11709 | D:9      | Found a runed translucent gate.
 11710 | D:9      | Found a runed translucent gate.
 11711 | D:9      | Found a runed translucent gate.
 11713 | D:9      | Found an opulent altar of Gozag.
 11714 | D:9      | Found Hubud's Assorted Antiques.
 11714 | D:9      | Noticed Destapler's ghost (novice MiFi)
 11714 | D:9      | Noticed a yaktaur captain
 12380 | D:10     | Entered Level 10 of the Dungeon
 12674 | D:10     | Reached ** piety under Vehumet
 12674 | D:10     | Reached skill level 1 in Hexes
 12736 | D:10     | Offered knowledge of Sandblast by Vehumet.
 12736 | D:10     | Reached XP level 11. HP: 73/73 MP: 22/24
 12987 | D:10     | Found a staircase to the Lair.
 13230 | D:10     | Noticed a centaur warrior
 13243 | D:10     | Killed a centaur warrior
 13348 | D:10     | Reached skill level 11 in Conjurations
 14122 | Lair:1   | Entered Level 1 of the Lair of Beasts
 14126 | Lair:1   | Offered knowledge of Ignite Poison by Vehumet.
 14136 | Lair:1   | Learned a level 3 spell: Ignite Poison
 14397 | Lair:1   | Reached skill level 10 in Spellcasting
 14687 | Lair:1   | Reached *** piety under Vehumet
 14992 | Lair:1   | Reached skill level 5 in Dodging
 15159 | Lair:1   | Noticed an eight-headed hydra
 15167 | Lair:1   | Killed an eight-headed hydra
 15351 | Lair:1   | Reached XP level 12. HP: 80/80 MP: 22/26
 16063 | Lair:2   | Reached skill level 12 in Conjurations
 16534 | Lair:2   | Found the +6 shillelagh "Devastator" {shatter}
 16675 | Lair:2   | Offered knowledge of Stone Arrow by Vehumet.
 16993 | Lair:2   | Found a staircase to the Shoals.
 18072 | Lair:3   | Identified a scroll of acquirement
 18074 | Lair:3   | Acquired 510 gold pieces
 18129 | Lair:3   | Reached skill level 5 in Fire Magic
 18699 | Lair:3   | Noticed a six-headed hydra
 18709 | Lair:3   | Killed a six-headed hydra
 18961 | Lair:3   | Reached **** piety under Vehumet
 19139 | Lair:3   | Offered knowledge of Lightning Bolt by Vehumet.
 19147 | Lair:3   | Learned a level 5 spell: Lightning Bolt
 19189 | Lair:3   | Noticed a queen ant
 19199 | Lair:3   | Killed a queen ant
 19199 | Lair:3   | Reached XP level 13. HP: 82/86 MP: 5/28
 19350 | Lair:3   | Reached skill level 13 in Conjurations
 20894 | Lair:4   | Found a staircase to the Snake Pit.
 22226 | Lair:6   | Entered Level 6 of the Lair of Beasts
 22248 | Lair:6   | Noticed a seven-headed hydra
 22441 | Lair:6   | Noticed a six-headed hydra
 22865 | Lair:6   | Reached ***** piety under Vehumet
 22882 | Lair:5   | Offered knowledge of Freezing Cloud by Vehumet.
 23582 | Lair:5   | Killed a six-headed hydra
 23582 | Lair:5   | Reached skill level 14 in Conjurations
 24046 | Lair:5   | Reached XP level 14. HP: 76/94 MP: 14/30
 24859 | Lair:5   | Reached skill level 1 in Air Magic
 25329 | Lair:6   | Found a stormy altar of Qazlal.
 25338 | Lair:6   | Found a staircase to the Slime Pits.
 25556 | Lair:6   | Found the +8 lance "Wyrmbane" {slay drac, rPois rF+ rC+
                  | AC+3}
 26132 | Orc:1    | Entered Level 1 of the Orcish Mines
 26848 | Orc:2    | Entered Level 2 of the Orcish Mines
 27149 | Orc:2    | Noticed Donald
 27161 | Orc:1    | Noticed a stone giant
 27537 | Orc:2    | Killed Donald
 28510 | Orc:2    | Reached skill level 15 in Conjurations
 28690 | Orc:2    | Reached XP level 15. HP: 19/100 MP: 15/33
 29651 | Orc:2    | Found Huntibon's Antique Armour Emporium.
 29651 | Orc:2    | Found Ogetti's Jewellery Boutique.
 29652 | Orc:2    | Found Zaagoec's Armour Shop.
 29652 | Orc:2    | Found Jebozagi's Gadget Emporium.
 29663 | Orc:2    | Offered knowledge of Ozocubu's Refrigeration by Vehumet.
 29743 | Orc:2    | Found a staircase to the Elven Halls.
 30134 | Shoals:1 | Entered Level 1 of the Shoals
 30798 | Shoals:1 | HP: 5/100 [merfolk/boomerang (6)]
 30798 | Shoals:1 | HP: 1/100 [manticore (4)]
 30798 | Shoals:1 | Killed from afar by a merfolk aquamancer

Illustrated notes

Levels and vault maps discovered:
D:1:      minmay_arrival_checkered_box, layout_basic, minmay_misc_feat_pillars
D:2:      layout_rooms, chequers_ecumenical_altar_simple_redux, first_ration
D:3:      layout_basic, minmay_misc_feat_rows, uniq_ijyb, uniq_jessica
D:4:      layout_basic, uniq_duvessa, uniq_blork_the_orc
D:5:      layout_loops_ring, gammafunk_temple_overflow_forgotten,
          nicolae_overflow_hidden_temple, nemelex_xobeh_ov_fountains_minmay
D:6:      layout_basic, kennysheep_mini_moat
D:7:      layout_rooms, lemuel_coloured_pillars_altar,
          minmay_temple_entry_overgrown, grunt_livestock
D:8:      layout_basic, hangedman_decor_lopped, yredelemnul_altar_generic
D:9:      layout_long_grid, david_orc_3, basic_altar, ebering_ghost_gozag
D:10:     layout_roguey, erik_lair_orcish_takeover
Temple:   regret_index_temple_generic_petals
Lair:1:   layout_gridlike, pond, lemuel_fruit_fields
Lair:2:   layout_cave_pods, shoals_dummy_entry, infiniplex_staircase_pool_2,
          lemuel_fruit_tree, grunt_megastairs_5
Lair:3:   layout_hall_layers, zaba_antful_of_joy
Lair:4:   layout_gridlike, dummy_snake_entry
Lair:5:   layout_concentric_octagons, minivault_19
Lair:6:   minmay_lair_end_frog_pond, layout_big_grid,
          minmay_slime_entry_pillars, basic_altar
Shoals:1: layout_shoals, st_cyclops
Orc:1:    layout_caves
Orc:2:    st_orc_ogre_mass, layout_diamond_mine, uniq_donald

Skill      XL: |  1  2  3  4  5  6  7  8  9 10 11 12 13 14 15 |
---------------+----------------------------------------------+-----
Conjurations   | 5 6 7 9 10 11 12 14 15 | 15.3
Spellcasting   | 3 4 5 6 7 9 10 11 12 14 | 14.2
Stealth        | 3 4 5 6 |  6.1
Fighting       | 1 2 3 4 |  4.2
Dodging        | 3 5 6 |  6.8
Fire Magic     | 1 2 3 5 6 7 |  7.4
Evocations     | 1 |  1.7
Hexes          | 1 |  1.4
Air Magic      | 3 4 |  4.2
Unarmed Combat | |  0.4
Transmutations | |  0.6
Poison Magic   | |  0.1

Action                   |  1- 3 |  4- 6 |  7- 9 | 10-12 | 13-15 || total
-------------------------+-------+-------+-------+-------+-------++-------
Melee: Unarmed           |       |       |    20 |       |       ||    20
       Staff             |       |       |       |     9 |     4 ||    13
 Cast: Magic Dart        |    45 |    86 |    99 |   290 |   199 ||   719
       Searing Ray       |     3 |    14 |    43 |   109 |   137 ||   306
       Conjure Flame     |       |       |    11 |    14 |       ||    25
       Fulminant Prism   |       |       |       |    14 |       ||    14
       Fireball          |       |       |       |    55 |    99 ||   154
       Ignite Poison     |       |       |       |     1 |     1 ||     2
       Lightning Bolt    |       |       |       |       |    69 ||    69
Evoke: Wand              |       |       |     3 |     1 |     3 ||     7
       Staff of energy   |       |       |       |       |     2 ||     2
  Use: Scroll            |       |     4 |     7 |    11 |    14 ||    36
       Potion            |       |     1 |       |     2 |     6 ||     9
 Stab: Confused          |       |       |     1 |       |       ||     1
  Eat: Chunk             |     2 |     8 |     4 |    14 |    11 ||    39
       Ration            |       |       |     4 |     6 |     7 ||    17
Armor: Robe              |     4 |     2 |     3 |       |       ||     9
       Skin              |       |       |     4 |       |       ||     4
       Steam dragon scal |       |       |     2 |    44 |    55 ||   101
Dodge: Dodged            |    10 |     8 |    50 |   119 |   172 ||   359
Block: Other             |     2 |     6 |    11 |    44 |    55 ||   118
       Reflection        |     2 |     2 |       |     8 |     1 ||    13
